 Dungeon Crawl Stone Soup version 0.30.1-3-gfc49f6343a (webtiles) character file.

Game seed: 3061398345237287098

4620 wolfrpgdude the Cleaver (level 10, -5/90 HPs)
             Began as a Minotaur Fighter on Aug 2, 2023.
             Was a Believer of the Shining One.
             Slain by a deep troll (9 damage)
             ... on level 8 of the Dungeon.
             The game lasted 00:15:00 (6601 turns).

wolfrpgdude the Cleaver (Minotaur Fighter)          Turns: 6601, Time: 00:15:00

Health: -5/90      AC:  7    Str: 25    XL:     10   Next: 19%
Magic:  9/9        EV: 12    Int:  5    God:    the Shining One [**....]
Gold:   860        SH:  5    Dex: 13    Spells: 9/9 levels left

rFire   . . .        f - +8 mithril axe "Arga" {speed, Will+}
rCold   . . .        c - +0 buckler
rNeg    + + .        x - +1 leather armour "Tuwkochemul" {rPois Regen+ Dex+3}
rPois   +            p - +0 mask of the Dragon {Will+ Slay+3 SInv}
rElec   .            (no cloak)
rCorr   .            l - +1 pair of gloves
SInv    +            (no boots)
Will    ++...        (no amulet)
Stlth   +            g - ring of flight
HPRegen 1.15/turn    h - ring of positive energy
MPRegen 0.11/turn

%: no passive effects
@: flying, glowing
A: horns 2, retaliatory headbutt
a: Renounce Religion, Divine Shield


You were on level 8 of the Dungeon.
You worshipped the Shining One.
The Shining One was pleased with you.
You visited 2 branches of the dungeon, and saw 9 of its levels.

You collected 860 gold pieces.

Inventory:

Hand Weapons
 f - the +8 mithril axe "Arga" (weapon) {speed, Will+}
   (You acquired it on level 4 of the Dungeon)

   Will:      It increases your willpower.
Armour
 c - a +0 buckler (worn)
 l - a +1 pair of gloves (worn)
 n - a +0 plate armour
 p - the +0 mask of the Dragon (worn) {Will+ Slay+3 SInv}
   (You acquired it on level 4 of the Dungeon)

   Slay:      It affects your accuracy & damage with ranged weapons and melee
   (+3).
   SInv:      It lets you see invisible.
   Will:      It increases your willpower.
 x - the +1 leather armour "Tuwkochemul" (worn) {rPois Regen+ Dex+3}
   (You found it on level 7 of the Dungeon)

   Dex:       It affects your dexterity (+3).
   rPois:     It protects you from poison.
   Regen:     It increases your rate of health regeneration.
Jewellery
 g - a ring of flight (left hand)
 h - a ring of positive energy (right hand)
Wands
 d - a wand of paralysis (10)
 u - a wand of iceblast (31)
 w - a wand of quicksilver (4)
Scrolls
 b - 5 scrolls of identify
 o - a scroll of fear {unknown}
 q - 7 scrolls of teleportation
 v - a scroll of silence {unknown}
 y - a scroll of butterflies
 B - a scroll of amnesia {unknown}
Potions
 e - a potion of invisibility {unknown}
 i - 2 potions of flight
 j - a potion of cancellation {unknown}
 k - 2 potions of attraction {unknown}
 m - 5 potions of curing
 r - 2 potions of berserk rage
 s - 5 potions of might
 t - 2 potions of brilliance {unknown}
 z - a potion of degeneration {unknown}
 A - a potion of haste {unknown}


   Skills:
 + Level 8.5 Fighting
 + Level 13.0(13.1) Axes
 + Level 1.8(8.6) Maces & Flails
 + Level 8.3 Armour
 + Level 3.2 Dodging
 + Level 0.6 Stealth
 + Level 5.3 Shields


You had 9 spell levels left.
You didn't know any spells.
Your spell library contained the following spells:

 Spells                   Type           Power      Damage    Failure   Level
 Scorch                   Fire           0%         2d5       71%         2
 Inner Flame              Hex/Fire       0%         N/A       91%         3
 Flame Wave               Conj/Fire      0%         2d4       100%        4
 Sticky Flame             Conj/Fire      0%         2d3       100%        4
 Summon Cactus Giant      Summ           0%         N/A       100%        6


Dungeon Overview and Level Annotations

Branches:
Dungeon (8/15)             Temple (1/1) D:5            Lair (0/5) D:8

Altars:
Ashenzari
Cheibriados
Dithmenos
Elyvilon
Gozag
Hepliaklqana
Makhleb
Nemelex Xobeh
Okawaru
Sif Muna
Trog
Uskayaw
Vehumet
Xom
Yredelemnul
Zin
The Shining One

Annotations:
D:6 1 runed translucent door, turdburglar's ghost, novice DsMo


Innate Abilities, Weirdness & Mutations

You have a pair of horns on your head.
You reflexively headbutt those who attack you in melee.


Message History

The deep troll bites you but does no damage.
The deep troll claws you! x2
* * * LOW HITPOINT WARNING * * *
You barely miss the deep troll.
The deep troll is moderately wounded.
You block the deep troll's attack. The deep troll claws you.
* * * LOW HITPOINT WARNING * * *
The deep troll claws you!
* * * LOW HITPOINT WARNING * * *
The deep troll attacks as you move away!
The deep troll closely misses you. The deep troll misses you.
The deep troll closely misses you.
The deep troll attacks as you move away!
You block the deep troll's attack. The deep troll misses you.
The deep troll claws you.
* * * LOW HITPOINT WARNING * * *
The deep troll attacks as you move away!
You block the deep troll's attack. The deep troll claws you!
* * * LOW HITPOINT WARNING * * *
The deep troll claws you. The Shining One protects you from harm!
You feel much better.
The deep troll bites you but does no damage.
The deep troll claws you.
* * * LOW HITPOINT WARNING * * *
The deep troll claws you!
* * * LOW HITPOINT WARNING * * *
The deep troll attacks as you move away!
The deep troll barely misses you. You block the deep troll's attack.
The deep troll completely misses you. The deep troll bites you.
* * * LOW HITPOINT WARNING * * *
The deep troll claws you.
* * * LOW HITPOINT WARNING * * *
You block the deep troll's attack.
The deep troll attacks as you move away!
The deep troll closely misses you. You furiously retaliate!
You headbutt the deep troll. The deep troll claws you!
* * * LOW HITPOINT WARNING * * *
The deep troll claws you!
You die...

####### #####
#.....########
########
.....###.##...TT@...#
#.......
......##.##..######.#
#.######
.......##.#..#
###.### #.# ####
.............#
#.....# #># #...
.......##.##.#
#.....# #.# #.##
......##.###.#
#.....# #.# #.#
.)...###.....#
#.....# #.###.##
##### #.##### #.....#
#....... ##'##
####.## #####.##


You could see 2 deep trolls.

Vanquished Creatures
  Amaemon (D:8)
  A deep troll (D:8)
  Pikel (D:4)
  Joseph (D:8)
  An orange demon (D:8)
  Grinder (D:5)
  Prince Ribbit (D:5)
  A hornet (D:8)
  An orc warrior (D:7)
  3 black bears
  3 lemures (D:4)
  2 centaurs
  A kobold brigand (D:8)
  3 bullfrogs
  A scorpion (D:5)
  5 wights (D:8)
  6 hounds
  3 jellies
  2 orc priests (D:5)
  A sleepcap (D:8)
  4 iguanas
  8 orc wizards
  4 gnolls (D:8)
  5 adders
  2 shadow imps (D:6)
  A white imp (D:6)
  5 ufetubi
  A worm (D:3)
  21 orcs
  11 ball pythons
  3 bats (D:1)
  9 endoplasms
  7 giant cockroaches
  7 goblins
  6 hobgoblins
  11 jackals
  2 quokkas (D:2)
  2 frilled lizards (D:1)
  A jackal zombie (D:7)
  9 kobolds
  9 rats
167 creatures vanquished.

Notes
Turn   | Place    | Note
-------+----------+-------------------------------------------
     0 | D:1      | wolfrpgdude the Minotaur Fighter began the quest for the
                  | Orb.
     0 | D:1      | Reached XP level 1. HP: 19/19 MP: 0/0
   121 | D:1      | Reached XP level 2. HP: 27/27 MP: 1/1
   449 | D:1      | Reached XP level 3. HP: 32/33 MP: 2/2
   788 | D:2      | Reached skill level 3 in Axes
  1418 | D:3      | Reached XP level 4. HP: 39/40 MP: 3/3
  1504 | D:3      | Found an opulent altar of Gozag.
  1708 | D:3      | Reached skill level 4 in Axes
  1809 | D:3      | Noticed a bullfrog
  1812 | D:3      | Killed a bullfrog
  1813 | D:3      | Reached skill level 1 in Dodging
  1813 | D:3      | Reached XP level 5. HP: 38/47 MP: 4/4
  1832 | D:3      | Reached skill level 5 in Axes
  1954 | D:3      | Found a faded altar of an unknown god.
  2608 | D:4      | Found a hide-covered altar of Uskayaw.
  2736 | D:4      | Noticed a lemure
  2744 | D:4      | Killed a lemure
  2765 | D:4      | Noticed a lemure
  2766 | D:4      | Noticed a lemure
  2796 | D:4      | Killed a lemure
  2798 | D:4      | Killed a lemure
  2940 | D:4      | Noticed Pikel
  2940 | D:4      | Noticed a lemure
  2946 | D:4      | Paralysed by Pikel for 4 turns
  2955 | D:4      | Killed Pikel
  2956 | D:4      | Reached skill level 5 in Fighting
  2956 | D:4      | Reached skill level 7 in Axes
  2956 | D:4      | Reached skill level 5 in Armour
  2956 | D:4      | Reached XP level 6. HP: 45/56 MP: 5/5
  2956 | D:4      | Reached XP level 7. HP: 49/61 MP: 6/6
  3236 | D:4      | Identified 3 scrolls of acquirement
  3236 | D:4      | Acquired the +0 mask of the Dragon {Will+ Slay+3 SInv}
  3236 | D:4      | Found the +0 mask of the Dragon {Will+ Slay+3 SInv}
  3252 | D:4      | Acquired the +8 mithril axe "Arga" {speed, Will+}
  3252 | D:4      | Found the +8 mithril axe "Arga" {speed, Will+}
  3259 | D:4      | Acquired 453 gold pieces
  3352 | D:5      | Entered Level 5 of the Dungeon
  3391 | D:5      | Reached skill level 1 in Maces & Flails
  3472 | D:5      | Noticed Prince Ribbit
  3477 | D:5      | Killed Prince Ribbit
  3478 | D:5      | Reached skill level 8 in Axes
  3478 | D:5      | Reached XP level 8. HP: 69/69 MP: 7/7
  3721 | D:5      | Noticed Grinder
  3749 | D:5      | Killed Grinder
  3750 | D:5      | Reached skill level 5 in Shields
  3763 | D:5      | Found a staircase to the Ecumenical Temple.
  3773 | Temple   | Entered the Ecumenical Temple
  3788 | Temple   | Became a worshipper of the Shining One
  4281 | D:6      | Reached skill level 9 in Axes
  4448 | D:6      | Found an iron altar of Okawaru.
  4861 | D:6      | Found a runed translucent door.
  4862 | D:6      | Noticed turdburglar's ghost (novice DsMo)
  5145 | D:7      | Found a runed translucent door.
  5146 | D:7      | Reached * piety under the Shining One
  5147 | D:7      | Found a basalt altar of Yredelemnul.
  5147 | D:7      | Identified the +1 leather armour "Tuwkochemul" {rPois
                  | Regen+ Dex+3}
  5282 | D:7      | Found a shimmering blue altar of Sif Muna.
  5289 | D:7      | Reached skill level 10 in Axes
  5289 | D:7      | Reached XP level 9. HP: 78/78 MP: 8/8
  5734 | D:8      | Noticed Amaemon
  5734 | D:8      | Noticed an orange demon
  5738 | D:8      | Killed Amaemon
  5739 | D:8      | Reached skill level 11 in Axes
  5742 | D:8      | Killed an orange demon
  5864 | D:8      | Reached skill level 12 in Axes
  5914 | D:8      | Found a broken altar of Ashenzari.
  6254 | D:8      | Noticed Joseph
  6265 | D:8      | Killed Joseph
  6381 | D:8      | Found a sparkling altar of Nemelex Xobeh.
  6415 | D:8      | Found a staircase to the Lair.
  6473 | D:8      | Reached XP level 10. HP: 85/88 MP: 9/9
  6486 | D:8      | Reached ** piety under the Shining One
  6574 | D:8      | Noticed a deep troll
  6575 | D:8      | Noticed a deep troll
  6575 | D:8      | Noticed a deep troll
  6576 | D:8      | Found the necklace of Bloodlust {Fury *Rage Will++ Int-3
                  | Slay+6}
  6584 | D:8      | Killed a deep troll
  6585 | D:8      | Reached skill level 13 in Axes
  6594 | D:8      | HP: 1/90 [deep troll (11)]
  6594 | D:8      | The Shining One protects you from harm!
  6601 | D:8      | HP: 4/90 [deep troll (7)]
  6601 | D:8      | Slain by a deep troll

Illustrated notes

Levels and vault maps discovered:
D:1:      denvon_arrival_planthouse, layout_basic
D:2:      layout_loops_ring
D:3:      mumra_celtic_spiral_tile, layout_basic, grunt_gozag_breadcrumbs,
          chequers_ecumenical_altar_lobes
D:4:      layout_basic, mainiacjoe_overflow_small_starburst, uniq_pikel
D:5:      layout_loops_ring, lemuel_temple_firewalk_a, kennysheep_dice,
          uniq_grinder, uniq_prince_ribbit1
D:6:      layout_cave_pools, okawaru_ov_weapons_minmay,
          ebering_ghost_inner_flame, nicolae_hexahallways, serial_bayou_lagoon_a
D:7:      layout_loops_cross, mainiacjoe_overflow_alcove_2,
          dk_yredelemnul_ordeal
D:8:      layout_loops_corners, nemelex_spade_bored_becter,
          mainiacjoe_overflow_brackets, minmay_misc_feat_columns,
          hellmonk_guarded_unrand_vitality_bloodlust, uniq_amaemon, uniq_joseph
Temple:   compressed_dpeg_circular_temple

Skill      XL: |  1  2  3  4  5  6  7  8  9 10 |
---------------+-------------------------------+-----
Shields        | 4 5 |  5.3
Armour         | 4 5 6 7 8 |  8.3
Fighting       | 4 5 6 8 |  8.5
Axes           | 3 4 7 8 10 12 13 | 13.0
Dodging        | 1 2 3 |  3.2
Maces & Flails | 1 |  1.8
Stealth        | |  0.6

Action                     |  1- 3 |  4- 6 |  7- 9 | 10-12 || total
---------------------------+-------+-------+-------+-------++-------
  Melee: War axe           |    87 |    94 |       |       ||   181
         Headbutt          |    11 |    10 |    16 |     5 ||    42
         Broad axe         |       |       |   127 |    17 ||   144
         Whip              |       |       |    10 |       ||    10
    Use: Scroll            |     4 |     2 |     9 |       ||    15
         Potion            |       |     2 |       |     3 ||     5
 Armour: Scale mail        |    43 |    41 |       |       ||    84
         Plate armour      |       |    29 |    46 |       ||    75
         Leather armour    |       |       |     9 |     6 ||    15
  Dodge: Dodged            |    42 |    36 |    40 |    19 ||   137
  Block: Buckler           |    23 |    20 |    25 |     9 ||    77
